 Dungeon Crawl Stone Soup version 0.28.0-53-g5a82cb258f (webtiles) character file.

Game seed: 1394548109839719423

2073 Peloso the Carver (level 9, -4/78 HPs)
             Began as a Minotaur Fighter on May 29, 2022.
             Was a Follower of Okawaru.
             Slain by Harold
             ... wielding a +0 dire flail
              (11 damage)
             ... on level 8 of the Dungeon.
             The game lasted 00:19:03 (10314 turns).

Peloso the Carver (Minotaur Fighter)               Turns: 10314, Time: 00:19:03

Health: -4/78      AC: 12    Str: 23    XL:     9   Next: 6%
Magic:  8/8        EV:  5    Int: 11    God:    Okawaru [*.....]
Gold:   338        SH:  0    Dex: 18    Spells: 8/8 levels left

rFire   . . .      SeeInvis .   a - +0 long sword
rCold   . . .      Faith    .   c - +0 buckler
rNeg    . . .      Spirit   .   i - +0 chain mail
rPois   .          Reflect  .   (helmet restricted)
rElec   +          Harm     .   (no cloak)
rCorr   .          Rampage  .   z - +0 pair of gloves
Will    .....                   (no boots)
Stlth   ..........              (no amulet)
HPRegen 0.23/turn               u - ring "Xeatoem" {+Blink rElec Int+6}
MPRegen 0.11/turn               D - +6 ring of dexterity

@: held, hasted, very quick
A: horns 2, retaliatory headbutt
a: Renounce Religion, Evoke Blink, Heroism


You were on level 8 of the Dungeon.
You worshipped Okawaru.
Okawaru was aware of your devotion.
You visited 2 branches of the dungeon, and saw 9 of its levels.

You collected 338 gold pieces.

Inventory:

Hand Weapons
 a - a +0 long sword (weapon)
Missiles
 t - 2 throwing nets (quivered)
Armour
 b - a +0 scale mail
 c - a +0 buckler (worn)
 i - a +0 chain mail (worn)
 z - a +0 pair of gloves (worn)
Jewellery
 r - a ring of flight
 u - the ring "Xeatoem" (left hand) {+Blink rElec Int+6}
   (You found it on level 5 of the Dungeon)

   [ring of intelligence]

   Int:       It affects your intelligence (+6).
   rElec:     It insulates you from electricity.
   +Blink:    It lets you blink.
 D - a +6 ring of dexterity (right hand)
Wands
 B - a wand of flame (18)
Scrolls
 e - 2 scrolls of holy word {unknown}
 g - 3 scrolls of enchant weapon {unknown}
 j - 2 scrolls of noise
 k - 6 scrolls of teleportation
 l - a scroll of fog {unknown}
 n - 2 scrolls of vulnerability {unknown}
 p - a scroll of magic mapping
 v - 2 scrolls of enchant armour {unknown}
 w - a scroll of blinking {unknown}
 y - 3 scrolls of identify
Potions
 d - 3 potions of might
 f - a potion of haste
 h - 2 potions of mutation
 m - a potion of degeneration {unknown}
 o - 2 potions of magic {unknown}
 q - a potion of heal wounds {unknown}
 s - a potion of flight {unknown}
 x - a potion of lignification {unknown}
 A - a potion of berserk rage {unknown}
 C - a potion of curing {unknown}


   Skills:
 + Level 6.7 Fighting
 + Level 8.9 Long Blades
 + Level 8.8 Armour
 + Level 2.5 Dodging
 + Level 0.1 Stealth
 + Level 6.1 Shields


You had 8 spell levels left.
You didn't know any spells.
Your spell library contained the following spells:

 Spells                   Type           Power      Damage    Failure   Level
 Slow                     Hex            0%         N/A       95%         1
 Confusing Touch          Hex            0%         N/A       100%        3
 Frozen Ramparts          Ice            0%         1d2       100%        3
 Gell's Gravitas          Tloc           0%         N/A       100%        3
 Lesser Beckoning         Tloc           0%         N/A       100%        3
 Portal Projectile        Hex/Tloc       0%         N/A       100%        3
 Teleport Other           Tloc           0%         N/A       100%        3
 Vampiric Draining        Necr           0%         2d6       100%        3
 Ice Form                 Ice/Tmut       0%         N/A       100%        4
 Leda's Liquefaction      Hex/Erth       0%         N/A       100%        4
 Blade Hands              Tmut           0%         N/A       100%        5
 Excruciating Wounds      Necr           0%         N/A       100%        5
 Call Canine Familiar     Summ           Unusable   N/A       N/A         3
 Summon Ice Beast         Ice/Summ       Unusable   N/A       N/A         4

Dungeon Overview and Level Annotations

Branches:
Dungeon (8/15)             Temple (1/1) D:6
   Lair: D:8-11

Altars:
Cheibriados
Fedhas
Gozag
Kikubaaqudgha
Makhleb
Nemelex Xobeh
Okawaru
Uskayaw
Vehumet
Wu Jian
Xom
The Shining One

Shops:
D:7 *

Annotations:
D:7 1 runed translucent door, 101zpm's ghost, novice DjFE
D:8 Harold


Innate Abilities, Weirdness & Mutations

You have a pair of horns on your head.
You reflexively headbutt those who attack you in melee.


Message History

A bullfrog comes into view.
The bullfrog croaks.
Harold hits you with a +0 dire flail.
You hit Harold but do no damage. You headbutt Harold!
Harold is lightly wounded.
Harold hits you but does no damage.
You barely miss Harold.
Harold is lightly wounded.
Harold hits you with a +0 dire flail!!
You hit Harold but do no damage.
Harold is lightly wounded.
Harold looks eager to get this over with.
Harold closely misses you.
You barely miss Harold.
Harold is lightly wounded.
Harold hits you with a +0 dire flail!
The bullfrog hits you but does no damage.
You hit Harold but do no damage.
Harold is lightly wounded.
The bullfrog hits you but does no damage.
Harold barely misses you. You block the bullfrog's attack.
Harold throws a throwing net.
The throwing net hits you.
You become entangled in the net!
There is a stone staircase leading up here.
You see here a throwing net.
You tear a large gash into the net.
The bullfrog hits you but does no damage.
The bullfrog barely misses you. You furiously retaliate!
You headbutt the bullfrog!
You struggle against the net.
Harold hits you with a +0 dire flail! The bullfrog hits you.
You struggle against the net.
The bullfrog barely misses you. Harold hits you with a +0 dire flail!!
* * * LOW HITPOINT WARNING * * *
The bullfrog hits you.
* * * LOW HITPOINT WARNING * * *
Unknown command.
It was a potion of haste.
You feel yourself speed up. Harold hits you with a +0 dire flail!
You die...

...##.
#...#$#..
##........
##.........
..........
#.........
#.........
#@@.......
##F.=.....
##.......
.......
#..#... ..#
.# ... #
.#. ####


You could see Harold and a bullfrog.

Vanquished Creatures
  A wyvern (D:7)
  A steam dragon (D:7)
  A water moccasin (D:5)
  A sky beast (D:5)
  A black bear (D:6)
  2 ogres
  A centaur (D:7)
  2 gnoll sergeants
  3 scorpions
  A wyvern skeleton (D:7)
  A water moccasin skeleton (D:4)
  A centaur zombie (D:5)
  2 jellies (D:4)
  An orc priest (D:3)
  2 hounds
  A gnoll shaman (D:5)
  A bullfrog skeleton (D:7)
  A scorpion zombie (D:5)
  Terence (D:3)
  An iguana (D:4)
  2 orc wizards
  A killer bee zombie (D:5)
  A howler monkey zombie (D:7)
  Robin (D:2)
  27 gnolls
  7 adders
  2 shadow imps (D:7)
  An ufetubus (D:5)
  7 dart slugs
  11 orcs
  8 endoplasms
  2 giant cockroaches
  13 goblins
  11 hobgoblins
  4 kobolds
  3 quokkas
  9 ball pythons
  6 bats
  A frilled lizard (D:1)
  2 rats
145 creatures vanquished.

Notes
Turn   | Place    | Note
-------+----------+-------------------------------------------
     0 | D:1      | Peloso the Minotaur Fighter began the quest for the Orb.
     0 | D:1      | Reached XP level 1. HP: 19/19 MP: 0/0
   129 | D:1      | Reached XP level 2. HP: 27/27 MP: 1/1
   762 | D:2      | Noticed Robin
   944 | D:1      | Reached XP level 3. HP: 26/33 MP: 2/2
  1030 | D:2      | Killed Robin
  1396 | D:2      | Reached XP level 4. HP: 41/41 MP: 3/3
  2385 | D:3      | Reached XP level 5. HP: 34/47 MP: 4/4
  2520 | D:3      | Found a faded altar of an unknown god.
  2682 | D:3      | Reached skill level 5 in Long Blades
  2987 | D:3      | Noticed Terence
  2990 | D:3      | Killed Terence
  3159 | D:4      | Reached skill level 1 in Dodging
  3159 | D:4      | Reached XP level 6. HP: 52/55 MP: 5/5
  3223 | D:4      | Reached skill level 5 in Fighting
  3687 | D:4      | Reached skill level 5 in Armour
  3707 | D:4      | Found a hide-covered altar of Uskayaw.
  4560 | D:5      | Entered Level 5 of the Dungeon
  4583 | D:4      | Reached XP level 7. HP: 40/61 MP: 6/6
  5137 | D:5      | Identified the ring "Xeatoem" {+Blink rElec Int+6}
  6176 | D:4      | Reached skill level 5 in Shields
  6176 | D:4      | Reached XP level 8. HP: 27/70 MP: 7/7
  8271 | D:6      | Found a staircase to the Ecumenical Temple.
  8427 | Temple   | Entered the Ecumenical Temple
  8597 | Temple   | Became a worshipper of Warmaster Okawaru
  9263 | D:7      | Found Sewkix's Elemental Accessories.
  9437 | D:7      | Found a runed translucent door.
  9438 | D:7      | Noticed 101zpm's ghost (novice DjFE)
  9466 | D:7      | Reached * piety under Okawaru
  9970 | D:7      | Reached XP level 9. HP: 62/78 MP: 8/8
 10300 | D:8      | Noticed Harold
 10314 | D:8      | Slain by Harold

Illustrated notes

Levels and vault maps discovered:
D:1:      dpeg_arrival_tiny_a, layout_basic
D:2:      layout_loops_ring, uniq_robin
D:3:      layout_loops_cross, nicolae_ecumenical_snake_handling, uniq_terence
D:4:      layout_basic, mainiacjoe_overflow_alcove_1
D:5:      layout_basic
D:6:      layout_basic, minmay_temple_entry_junction_2
D:7:      layout_basic, gammafunk_ghost_grave, nicolae_elemental_shop
D:8:      layout_cave_pools, hellmonk_ghost_happy_afterlife, uniq_harold,
          uniq_psyche
Temple:   mainiacjoe_temple_cubbyholes

Skill      XL: |  1  2  3  4  5  6  7  8 |
---------------+-------------------------+-----
Shields        | 4 5 6 |  6.1
Fighting       | 4 5 6 |  6.7
Armour         | 4 5 7 8 |  8.8
Long Blades    | 3 4 5 6 7 8 |  8.9
Dodging        | 1 2 |  2.5
Stealth        | |  0.1

Action                   |  1- 3 |  4- 6 |  7- 9 || total
-------------------------+-------+-------+-------++-------
Melee: Long sword        |    59 |   135 |   212 ||   406
       Headbutt          |    11 |    21 |    40 ||    72
  Use: Scroll            |     4 |       |       ||     4
       Potion            |       |       |     1 ||     1
Armor: Scale mail        |    27 |       |       ||    27
       Chain mail        |       |    60 |   126 ||   186
Dodge: Dodged            |    38 |    54 |    90 ||   182
Block: Buckler           |    19 |    34 |    61 ||   114
